 Dungeon Crawl Stone Soup version 0.16-a0-3943-gb4b81e6 (webtiles) character file.

4113 abixa the Soothsayer (level 10, -14/71 HPs)
             Began as a Human Artificer on Feb 8, 2015.
             Was a Priest of Nemelex Xobeh.
             Killed from afar by Erolcha (15 damage)
             ... with a bolt of cold
             ... on level 7 of the Dungeon.
             The game lasted 00:49:25 (11484 turns).

abixa the Soothsayer (Human Artificer)             Turns: 11484, Time: 00:49:25

Health: -14/71     AC: 13    Str: 14    XL:     10   Next: 51%
Magic:  23/23      EV:  7    Int: 13    God:    Nemelex Xobeh [***...]
Gold:   380        SH:  0    Dex: 17    Spells: 0 memorised, 9 levels left

rFire  . . .     SeeInvis .     a - +1 falchion (slice)
rCold  . . .     Clarity  .     j - +0 chain mail (curse)
rNeg   . . .     SustAb   .     (no shield)
rPois  .         Gourm    .     (no helmet)
rElec  .         Spirit   .     m - +0 cloak
rCorr  .         Warding  .     (no gloves)
rMut   .         Stasis   .     q - +2 pair of boots
MR     +....                    (no amulet)
Stlth  +.........               v - ring of protection from magic
                                k - +3 ring of dexterity

@: especially stealthy, somewhat resistant to hostile enchantments, very
unstealthy
A: no striking features
a: Triple Draw, Renounce Religion


You were on level 7 of the Dungeon.
You worshipped Nemelex Xobeh.
Nemelex Xobeh was most pleased with you.
You were not hungry.

You visited 2 branches of the dungeon, and saw 9 of its levels.

You collected 380 gold pieces.

Inventory:

Hand weapons
 a - a +1 falchion of slicing (weapon)
 b - a +0 hunting sling of flaming
 H - a +0 blowgun
 W - a +0 dagger of venom
Missiles
 d - 3 curare-tipped needles
 o - 234 stones (quivered)
 r - a tomahawk
 t - 86 sling bullets
 y - 2 throwing nets
 F - 3 poisoned needles
 U - 8 poisoned sling bullets
Armour
 j - a cursed +0 chain mail (worn)
 m - a +0 cloak (worn)
 q - a +2 pair of boots (worn)
Jewellery
 k - a +3 ring of dexterity (left hand)
 v - a ring of protection from magic (right hand)
 R - an uncursed ring of protection from cold
Magical devices
 c - a wand of enslavement (10)
 e - a wand of disintegration (5)
 E - a wand of fire (7)
 G - a wand of magic darts (9)
 O - a wand of digging (8)
Scrolls
 u - a scroll of magic mapping
 A - 3 scrolls of remove curse
 J - 3 scrolls of enchant armour
 Q - a scroll of fog
Potions
 K - 3 potions of heal wounds
 M - a potion of ambrosia
 N - 2 potions of curing
Books
 I - a book of Power

   Spells                             Type                      Level
   a - Fulminant Prism                Conjuration/Hexes            4
   b - Iskenderun's Mystic Blast      Conjuration                  4
   c - Venom Bolt                     Conjuration/Poison           5
   d - Bolt of Magma                  Conjuration/Fire/Earth       5
   e - Iron Shot                      Conjuration/Earth            6
   f - Orb of Destruction             Conjuration                  7
   g - Spellforged Servitor           Conjuration/Summoning        7
 T - a book of Conjurations

   Spells                             Type                      Level
   a - Magic Dart                     Conjuration                  1
   b - Searing Ray                    Conjuration                  2
   c - Dazzling Spray                 Conjuration/Hexes            3
   d - Fulminant Prism                Conjuration/Hexes            4
   e - Iskenderun's Mystic Blast      Conjuration                  4
   f - Iskenderun's Battlesphere      Conjuration/Charms           5
Miscellaneous
 i - a plain deck of escape
 x - a plain deck of escape {drawn: 1}
 L - an ornate deck of war
 S - a legendary deck of war
 V - a plain deck of war {drawn: 5}
 Z - an ornate deck of escape
Comestibles
 f - 6 bread rations
 g - 6 meat rations
 n - a slice of pizza
 s - 3 fruits
 z - 2 royal jellies
 P - 3 beef jerkies


   Skills:
 - Level 4.1 Fighting
 - Level 1.0(5.9) Short Blades
 + Level 9.3 Long Blades
 - Level 4.0 Armour
 - Level 2.0 Dodging
 - Level 1.0 Stealth
 + Level 10.7 Evocations


You had 9 spell levels left.
You didn't know any spells.

Dungeon Overview and Level Annotations

Branches:
Dungeon (8/15)             Temple (1/1) D:7
   Lair: D:8-11

Altars:
Ashenzari
Cheibriados
Dithmenos
Elyvilon
Fedhas
Gozag
Kikubaaqudgha
Makhleb
Nemelex Xobeh
Okawaru
Qazlal
Ru
Sif Muna
Trog
Vehumet
Xom
Yredelemnul
Zin
The Shining One

Annotations:
D:7 Erolcha


Message History

The centaur hits you.
* * * LOW HITPOINT WARNING * * *
Your hand axe of the Jolly Stars {chop, rN+ Int+4 SInv} hits the centaur but does no damage.
Your insubstantial wisp hits Erolcha.
Erolcha hits you with a giant club!
* * * LOW HITPOINT WARNING * * *
You closely miss the centaur.
The centaur is severely wounded.
The centaur barely misses you. The centaur hits you.
* * * LOW HITPOINT WARNING * * *
You hit the centaur.
The centaur is almost dead.
Your insubstantial wisp hits Erolcha!
Your insubstantial wisp blinks!
The centaur hits you.
* * * LOW HITPOINT WARNING * * *
Your hand axe of the Jolly Stars {chop, rN+ Int+4 SInv} hits the centaur but does no damage.
Erolcha gestures at you while chanting. The bolt of cold hits you!
You die...
Your body glows slightly and disappears.

....8....### #### #(....
##.....### ##..... #.....#
####### ####...... ##...####
###.....###......<..
#...#..#######.......[)..........
#
##.##..>..........)..###......##.
## #_###..........§..###
###...#### .#####
##########O....#####....# ..##
#@c............# #..#########
##..(...........##
#..........#####.....########...#
##..................v### ##..##
#####.###.............#####
#...## ###
###...............###....#
#...)≈≈≈≈≈.≈≈≈≈..###....
##...≈≈≈≈≈.≈≈≈≈.........
##..≈≈≈≈≈.≈≈≈≈..######.


You could see Erolcha, a centaur, an insubstantial wisp and a friendly hand axe
of the Jolly Stars {chop, rN+ Int+4 SInv}.

Vanquished Creatures
  Joseph (D:8)
  The ghost of trelanon the Basher, an experienced VSWr (D:6)
  A fire bat (D:5)
  2 killer bees (D:5)
  2 hippogriffs (D:7)
  A hungry ghost (D:7)
  2 water moccasins
  A phantom (D:6)
  3 centaurs
  An orc warrior (D:7)
  3 ogres
  3 giant frogs
  2 scorpions
  4 wights (D:6)
  An electric eel (D:7)
  2 goliath beetles
  2 giant frog zombies
  2 gnoll shamans
  A crimson imp (D:5)
  5 hounds
  A jelly (D:8)
  3 centaur skeletons (D:6)
  A giant frog skeleton (D:4)
  4 orc priests
  2 worker ants
  4 orc wizards
  Ijyb (D:3)
  A hound skeleton (D:7)
  A worker ant zombie (D:5)
  12 gnolls
  4 adders
  3 shadow imps
  2 giant mites
  7 worms
  2 adder skeletons
  3 giant geckos
  An ooze (D:5)
  22 orcs
  4 ball pythons
  19 bats
  5 bat skeletons
  2 bat zombies (D:3)
  6 giant cockroaches
  12 hobgoblins
  16 jackals
  11 kobolds
  3 quokkas
  3 giant newts
  20 goblins
  A kobold skeleton (D:6)
  A quokka skeleton (D:7)
  11 rats
228 creatures vanquished.

Vanquished Creatures (collateral kills)
  Prince Ribbit (D:7)
  An orc wizard (D:5)
  4 orcs (D:5)
  A kobold (D:5)
7 creatures vanquished.

Vanquished Creatures (others)
  An ice beast (D:7)
  A giant frog (D:7)
  4 killer bees (D:5)
6 creatures vanquished.

Grand Total: 241 creatures vanquished

Notes
Turn   | Place    | Note
--------------------------------------------------------------
     0 | D:1      | abixa, the Human Artificer, began the quest for the Orb.
     0 | D:1      | Reached XP level 1. HP: 15/15 MP: 1/1
   189 | D:1      | Reached XP level 2. HP: 15/21 MP: 3/3
   344 | D:1      | Reached skill level 4 in Evocations
   676 | D:1      | Reached XP level 3. HP: 19/26 MP: 5/5
  1216 | D:2      | Found a sparkling altar of Nemelex Xobeh.
  1223 | D:2      | Became a worshipper of Nemelex Xobeh the Trickster
  1293 | D:2      | Received a gift from Nemelex Xobeh
  1379 | D:2      | Found a white marble altar of Elyvilon.
  1403 | D:2      | Reached XP level 4. HP: 32/32 MP: 7/7
  1556 | D:2      | Reached skill level 5 in Evocations
  1923 | D:3      | Noticed an earth elemental
  1967 | D:3      | Noticed a water moccasin
  2144 | D:3      | Killed a water moccasin
  2144 | D:3      | Reached skill level 6 in Evocations
  2144 | D:3      | Reached XP level 5. HP: 37/37 MP: 8/10
  2290 | D:3      | Reached XP level 6. HP: 33/43 MP: 12/12
  2504 | D:3      | Reached skill level 7 in Evocations
  2575 | D:3      | Noticed Ijyb
  2605 | D:3      | Killed Ijyb
  2913 | D:3      | Noticed a fire elemental
  2914 | D:3      | Found a stormy altar of Qazlal.
  2916 | D:3      | Noticed a water elemental
  2916 | D:3      | Noticed an air elemental
  3217 | D:3      | Found an ancient bone altar of Kikubaaqudgha.
  3482 | D:4      | Received a gift from Nemelex Xobeh
  4069 | D:4      | Reached XP level 7. HP: 43/48 MP: 16/16
  4172 | D:5      | Entered Level 5 of the Dungeon
  4418 | D:4      | Reached skill level 8 in Evocations
  4850 | D:5      | Reached skill level 1 in Armour
  5106 | D:5      | Received a gift from Nemelex Xobeh
  5194 | D:5      | Found a shadowy altar of Dithmenos.
  5244 | D:5      | Reached XP level 8. HP: 54/57 MP: 16/18
  5658 | D:5      | Reached skill level 9 in Evocations
  6618 | D:5      | Reached skill level 1 in Long Blades
  6759 | D:5      | Reached XP level 9. HP: 47/65 MP: 20/20
  7162 | D:6      | Noticed trelanon's ghost (experienced VSWr)
  7279 | D:6      | Killed trelanon's ghost
  7279 | D:6      | Reached skill level 5 in Long Blades
  7475 | D:6      | Received a gift from Nemelex Xobeh
  8588 | D:6      | HP: 2/65 [wight/battleaxe (2)]
  9440 | D:7      | Noticed Prince Ribbit
  9592 | D:6      | Reached XP level 10. HP: 63/71 MP: 22/22
  9644 | D:7      | Acquired Nemelex Xobeh's first power
  9698 | D:7      | Received a gift from Nemelex Xobeh
  9891 | D:7      | Found a deep blue altar of Sif Muna.
  9897 | D:7      | Found a snail-covered altar of Cheibriados.
  9900 | D:7      | Found a glowing silver altar of Zin.
 10072 | D:7      | Reached skill level 10 in Evocations
 10164 | D:7      | Killed Prince Ribbit
 10983 | D:7      | Found a staircase to the Ecumenical Temple.
 10993 | Temple   | Entered the Ecumenical Temple
 11191 | D:8      | Received a gift from Nemelex Xobeh
 11327 | D:8      | Noticed Joseph
 11353 | D:8      | Killed Joseph
 11440 | D:8      | Noticed Erolcha
 11484 | D:7      | HP: 1/71 [centaur (5)]
 11484 | D:7      | Killed from afar by Erolcha

Action                   |  1- 3 |  4- 6 |  7- 9 | 10-12 || total
-------------------------+-------+-------+-------+-------++-------
Melee: Short sword       |    84 |   287 |       |       ||   371
       Rapier            |       |    39 |   113 |       ||   152
       Morningstar       |       |       |    70 |       ||    70
       Falchion          |       |       |   318 |   128 ||   446
 Fire: Hunting sling     |    43 |    45 |    44 |    45 ||   177
       Blowgun           |       |       |    22 |    12 ||    34
Throw: Stone             |       |       |     5 |       ||     5
Evoke: Wand              |       |     8 |    37 |     5 ||    50
       Deck              |       |       |     1 |     5 ||     6
  Use: Scroll            |       |       |     9 |       ||     9
 Stab: Confused          |       |     3 |       |       ||     3
       Paralysed         |       |       |     2 |       ||     2
  Eat: Chunk             |     1 |     9 |    15 |     6 ||    31
       Fruit             |       |       |     4 |       ||     4
